 Dungeon Crawl Stone Soup version 0.23-a0-650-ga4d50d4d25 (webtiles) character file.

16072 Notair the Severer (level 12, -2/112 HPs)
             Began as a Minotaur Gladiator on Jan 6, 2019.
             Was a High Priest of Okawaru.
             Killed by divine providence
             ... invoked by a meliai
              (15 damage)
             ... on level 12 of the Dungeon on Jan 7, 2019.
             The game lasted 00:43:10 (13876 turns).

Notair the Severer (Minotaur Gladiator)            Turns: 13876, Time: 00:43:10

Health: -2/112     AC: 18    Str: 18    XL:     12   Next: 6%
Magic:  11/11      EV:  8    Int:  9    God:    Okawaru [*****.]
Gold:   652        SH:  3    Dex: 14    Spells: 11/11 levels left

rFire    . . .     SeeInvis .   U - +0 broad axe (vamp)
rCold    . . .     Gourm    .   Q - +0 buckler
rNeg     . . .     Faith    .   y - +0 chain mail
rPois    .         Spirit   .   c - +1 hat
rElec    .         Reflect  .   D - +0 cloak
rCorr    +         Harm     .   x - +0 pair of gloves {archery}
MR       .....                  W - +1 pair of boots {Stlth+}
Stlth    ..........             K - amulet of rage
HPRegen  0.28/turn              w - ring of stealth
MPRegen  0.12/turn              G - ring of resist corrosion

@: lethally poisoned (-2 -> -5)
A: retaliatory headbutt, horns 2
a: Heroism, Finesse, Renounce Religion, Evoke Berserk Rage


You were on level 12 of the Dungeon.
You worshipped Okawaru.
Okawaru was extremely pleased with you.
You were very hungry.

You visited 2 branches of the dungeon, and saw 13 of its levels.
You also visited: Bailey.

You collected 685 gold pieces.
You spent 33 gold pieces at shops.

Inventory:

Hand Weapons
 k - a +0 blowgun
 v - a +1 hand axe of flaming
 C - a +0 arbalest
 U - a +0 vampiric broad axe (weapon)
Missiles
 d - 2 throwing nets (quivered)
 n - 30 sling bullets
 o - 265 stones
 A - 33 poisoned needles
 H - 9 bolts
Armour
 c - a +1 hat (worn)
 x - a +0 pair of gloves of archery (worn)
 y - a +0 chain mail (worn)
 D - a +0 cloak (worn)
 Q - a +0 buckler (worn)
 W - a +1 pair of boots of stealth (worn)
Jewellery
 u - an uncursed ring of flight
 w - a ring of stealth (left hand)
 G - a ring of resist corrosion (right hand)
 K - an amulet of rage (around neck)
Wands
 B - a wand of digging (12)
 I - a wand of scattershot (5)
 N - a wand of iceblast (6)
 O - a wand of flame (60)
 R - a wand of paralysis (10)
 S - a wand of disintegration (11)
Scrolls
 e - a scroll of magic mapping
 j - 2 scrolls of fear
 l - 3 scrolls of enchant weapon
 m - 5 scrolls of teleportation
 q - a scroll of fog
 r - 6 scrolls of remove curse
 T - 2 scrolls of amnesia
Potions
 b - 2 potions of haste
 g - 7 potions of curing
 h - 4 potions of might
 i - 3 potions of agility
 s - 3 potions of ambrosia
 t - 4 potions of magic
 z - a potion of heal wounds
 F - a potion of lignification
 J - a potion of flight
Miscellaneous
 M - a lightning rod (4/4)
Comestibles
 f - 23 rations


   Skills:
 + Level 12.0 Fighting
 - Level 16.0 Axes
 - Level 2.0 Throwing
 + Level 11.6 Armour
 - Level 3.2 Dodging


You had 11 spell levels left.
You didn't know any spells.
Your spell library contained the following spells:

 Spells                   Type           Power        Failure   Level  Hunger
 Animate Skeleton         Necr           N/A          99%         1    ##.....
 Apportation              Tloc           #.....       99%         1    ##.....
 Confusing Touch          Hex            #.....       99%         1    ##.....
 Corona                   Hex            #......      99%         1    ##.....
 Summon Small Mammal      Summ           #...         99%         1    ##.....
 Slow                     Hex            #.......     100%        2    ###....
 Inner Flame              Hex/Fire       #.......     100%        3    ####...
 Portal Projectile        Hex/Tloc       #.....       100%        3    ####...
 Cause Fear               Hex            #.........   100%        4    #####..
 Leda's Liquefaction      Hex/Erth       #.........   100%        4    #####..


Dungeon Overview and Level Annotations

Branches:
Dungeon (12/15)            Temple (1/1) D:7            Lair (0/6) D:11
    Orc (0/2) D:9

Altars:
Ashenzari
Dithmenos
Elyvilon
Hepliaklqana
Makhleb
Okawaru
Qazlal
Sif Muna
Trog
Vehumet
Yredelemnul
The Shining One

Shops:
D:5 !   D:8 =


Innate Abilities, Weirdness & Mutations

You reflexively headbutt those who attack you in melee.
You have a pair of horns on your head.


Message History

The meliai is heavily wounded.
You feel sick. You block the meliai's attack. The meliai closely misses you.
You closely miss the meliai.
The meliai is heavily wounded.
You feel sick. The meliai hits you but does no damage.
The meliai stings you but does no damage.
The meliai hits you but does no damage.
The meliai stings you but does no damage.
You hit the meliai but do no damage.
The meliai is heavily wounded.
The meliai hits you with a +0 hand axe.
* * * LOW HITPOINT WARNING * * *
The meliai stings you.
* * * LOW HITPOINT WARNING * * *
You barely miss the meliai. Your headbutt misses the meliai.
The meliai is heavily wounded.
You feel sick.
The meliai calls down the wrath of its god upon you.
Something smites you!
You die...

#.#.#..........,,*
#.....#.######****
###.#.#.# #.....#
###.### #.# ####.######
#......)..# ###########
#.##.####.# #.y@......#
#,#...* #.# #.#######.#
*,#...###.###..)......*
*,.............†..###.*
**......######.###.# *,*
,......##****###**,# *,*
##....,**,,,,,*,,,,***,*
**..,***,,,,,*,,,,,,,,*
*#*,* *,,,,,,,******,*


You could see a meliai.

Vanquished Creatures
  A hydra (D:8)
  A two-headed ogre (D:10)
  2 unseen horrors
  A cyclops (D:12)
  A deep elf mage (D:9)
  A manticore (D:12)
  A guardian serpent (shapeshifter) (D:10)
  A gargoyle (D:11)
  A troll (D:8)
  A meliai (D:12)
  A hornet (D:10)
  Grinder (D:4)
  Prince Ribbit (D:6)
  2 dream sheep (D:8)
  2 hippogriffs
  A vampire (D:12)
  A hungry ghost (D:11)
  A wraith (D:10)
  19 yaks
  Grum (D:8)
  2 vampire mosquitoes
  Menkaure (D:4)
  Duvessa (D:7)
  A water moccasin (D:10)
  A porcupine (D:11)
  3 sky beasts
  A phantom (D:11)
  9 orc warriors
  An eye of draining (D:12)
  An ogre (D:8)
  2 necrophages (D:11)
  2 black bears
  4 wolves (D:8)
  4 centaurs
  A crocodile (D:11)
  3 big kobolds (D:8)
  6 bullfrogs
  Blork the orc (D:4)
  Dowan (D:7)
  A wyvern skeleton (D:8)
  2 scorpions
  5 killer bees
  7 wights
  7 howler monkeys
  6 crimson imps
  2 bullfrog zombies
  3 orc priests
  Crazy Yiuf (D:4)
  3 centaur skeletons
  6 hounds
  11 orc wizards
  Jessica (D:2)
  5 iguanas
  Ijyb (D:5)
  9 worker ants
  A killer bee zombie (D:6)
  A hound zombie (D:7)
  2 worker ant zombies
  Robin (D:4)
  3 gnolls (Bailey)
  9 adders
  3 shadow imps
  An adder skeleton (D:8)
  2 adder zombies
  2 worms
  3 dart slugs
  8 leopard geckos
  46 orcs
  5 giant cockroaches
  20 goblins
  11 hobgoblins
  7 jackals
  7 quokkas
  6 bats
  4 frilled lizards
  A jackal skeleton (D:4)
  20 kobolds
  A leopard gecko skeleton (D:4)
  5 rats
  2 fungi (D:4)
  A plant (D:11)
328 creatures vanquished.

Vanquished Creatures (others)
  A quokka (D:4)
1 creature vanquished.

Grand Total: 329 creatures vanquished

Notes
Turn   | Place    | Note
-------+----------+-------------------------------------------
     0 | D:1      | Notair the Minotaur Gladiator began the quest for the Orb.
     0 | D:1      | Reached XP level 1. HP: 18/18 MP: 0/0
   173 | D:1      | Reached skill level 4 in Axes
   173 | D:1      | Reached XP level 2. HP: 14/25 MP: 1/1
   231 | D:1      | Reached skill level 1 in Armour
   599 | D:2      | Noticed Jessica
   602 | D:2      | Killed Jessica
   602 | D:2      | Reached XP level 3. HP: 15/31 MP: 2/2
   971 | D:2      | Reached skill level 5 in Axes
   971 | D:2      | Reached XP level 4. HP: 29/38 MP: 3/3
  1263 | D:3      | Found a bloodstained altar of Trog.
  1266 | D:3      | Found a white marble altar of Elyvilon.
  1463 | D:3      | Found a shattered altar of Ashenzari.
  1467 | D:3      | Found a radiant altar of Vehumet.
  1473 | D:3      | Found a glowing golden altar of the Shining One.
  1629 | D:3      | Found a shadowy altar of Dithmenos.
  1846 | D:3      | Noticed a centaur
  1851 | D:3      | Killed a centaur
  1851 | D:3      | Reached XP level 5. HP: 44/46 MP: 4/4
  2063 | D:4      | Reached skill level 6 in Axes
  2071 | D:4      | Noticed Menkaure
  2367 | D:4      | Killed Menkaure
  2367 | D:4      | Reached XP level 6. HP: 28/53 MP: 5/5
  2563 | D:4      | Noticed Grinder
  2573 | D:4      | Paralysed by Grinder for 2 turns
  2575 | D:4      | Noticed Robin
  2578 | D:4      | Killed Grinder
  2578 | D:4      | Reached skill level 5 in Fighting
  2578 | D:4      | Reached skill level 7 in Axes
  2578 | D:4      | Reached XP level 7. HP: 41/61 MP: 6/6
  2582 | D:4      | Killed Robin
  2919 | D:4      | Noticed Blork the orc
  2928 | D:4      | Killed Blork the orc
  3190 | D:4      | Found a white marble altar of Elyvilon.
  3508 | D:4      | Found a runed door.
  3512 | D:4      | Noticed Crazy Yiuf
  3519 | D:4      | Killed Crazy Yiuf
  3659 | D:5      | Entered Level 5 of the Dungeon
  3684 | D:5      | Identified the cursed +1 ring mail "Adghasone" {rC+ MP+9}
                  | (You found it on level 5 of the Dungeon)
  3721 | D:5      | Reached skill level 8 in Axes
  3870 | D:5      | Found Onteur's Distillery.
  3873 | D:5      | Reached skill level 5 in Armour
  3882 | D:5      | Bought a potion of lignification for 33 gold pieces
  3890 | D:5      | Noticed Ijyb
  3890 | D:5      | Paralysed by Ijyb for 5 turns
  3904 | D:5      | Paralysed by Ijyb for 7 turns
  3917 | D:5      | Paralysed by Ijyb for 4 turns
  3934 | D:5      | Killed Ijyb
  3988 | D:5      | Reached XP level 8. HP: 65/70 MP: 7/7
  4243 | D:5      | Reached skill level 9 in Axes
  4503 | D:6      | Noticed Prince Ribbit
  4511 | D:6      | Killed Prince Ribbit
  5459 | D:7      | Reached skill level 10 in Axes
  5571 | D:7      | Noticed Duvessa
  5571 | D:7      | Noticed Dowan
  5578 | D:7      | Killed Duvessa
  5602 | D:7      | Killed Dowan
  5602 | D:7      | Reached XP level 9. HP: 33/79 MP: 8/8
  6073 | D:7      | Found a staircase to the Ecumenical Temple.
  6291 | Temple   | Entered the Ecumenical Temple
  6297 | Temple   | Became a worshipper of Warmaster Okawaru
  6497 | D:8      | Found Sowiutic's Jewellery Emporium.
  6610 | D:8      | Identified a scroll of acquirement
  6802 | D:8      | Reached skill level 11 in Axes
  6993 | D:8      | Noticed a troll
  7003 | D:8      | Killed a troll
  7027 | D:8      | Reached * piety under Okawaru
  7531 | D:8      | Reached skill level 12 in Axes
  7542 | D:8      | Noticed Grum
  7572 | D:7      | Reached ** piety under Okawaru
  7740 | D:8      | Killed Grum
  7740 | D:8      | Reached XP level 10. HP: 34/91 MP: 9/9
  8034 | D:8      | HP: 4/91 [something (7)]
  8040 | D:8      | Killed an unseen horror
  8434 | D:8      | Reached *** piety under Okawaru
  8434 | D:8      | Reached skill level 13 in Axes
  8755 | D:8      | Noticed a three-headed hydra
  8766 | D:8      | Killed a one-headed hydra
  9124 | D:9      | Noticed a deep elf mage
  9129 | D:9      | Killed a deep elf mage
  9129 | D:9      | Reached skill level 10 in Fighting
  9373 | D:9      | Found a staircase to the Orcish Mines.
  9549 | D:9      | Reached skill level 14 in Axes
  9566 | D:9      | Reached **** piety under Okawaru
  9566 | D:9      | Reached skill level 10 in Armour
  9993 | D:9      | Reached XP level 11. HP: 101/101 MP: 10/10
 10165 | D:10     | Entered Level 10 of the Dungeon
 10640 | D:10     | Paralysed by a hornet for 2 turns
 10951 | D:10     | Noticed a two-headed ogre
 10960 | D:10     | Killed a two-headed ogre
 12003 | D:11     | Reached skill level 15 in Axes
 12119 | D:11     | Found a staircase to the Lair.
 12167 | D:11     | Reached ***** piety under Okawaru
 13247 | D:12     | Found a flagged portal.
 13254 | Bailey   | Entered a bailey
 13749 | D:12     | Killed an unseen horror
 13749 | D:12     | Received a gift from Okawaru
 13749 | D:12     | Reached skill level 16 in Axes
 13749 | D:12     | Reached XP level 12. HP: 78/112 MP: 11/11
 13876 | D:12     | Killed from afar by a meliai

Vault maps used:
D:1:      sevenhm_arrival_forest_fort_large_2
D:2:      first_ration, kennysheep_boxes, uniq_jessica
D:3:      minmay_diamond_boxcup, lemuel_round_altar,
          chequers_temple_overflow_statue_of_worship,
          minmay_overflow_temple_star_quad
D:4:      elyvilon_altar_4, uniq_menkaure, uniq_robin, uniq_blork_the_orc,
          uniq_grinder, uniq_crazy_yiuf_cottage
D:5:      serial_shops, shop, uniq_ijyb
D:6:      uniq_prince_ribbit1
D:7:      lemuel_temple_firewalk_b, minmay_misc_feat_chi, uniq_duvessa
D:8:      serial_shops, shop, hangedman_ranch, st_stairs_1, uniq_grum
D:9:      orc_0_dummy, kennysheep_just_a_vault
D:11:     grunt_lair_entry_orc_guard_hut, hex_large
D:12:     special_room, enter_bailey_3, minmay_liquid_box,
          hangedman_cracks_in_the_wall
Temple:   eino_temple_rhombus
Bailey:   bailey_axe_1, bailey

Skill      XL: |  1  2  3  4  5  6  7  8  9 10 11 12 |
---------------+-------------------------------------+-----
Axes           | 4 5 6 7 8 10 12 14 16 | 16.0
Armour         | 1 2 3 4 5 6 8 10 11 | 11.6
Fighting       | 3 4 5 6 7 9 10 11 12 | 12.0
Throwing       | |  2.0
Dodging        | |  3.2

Action                   |  1- 3 |  4- 6 |  7- 9 | 10-12 || total
-------------------------+-------+-------+-------+-------++-------
Melee: War axe           |    52 |    85 |   414 |   510 ||  1061
       Headbutt          |     5 |    10 |    74 |   125 ||   214
       Hand axe          |       |       |       |    10 ||    10
       Broad axe         |       |       |       |    50 ||    50
 Fire: Arbalest          |       |       |       |    33 ||    33
Throw: Throwing net      |       |     2 |     2 |       ||     4
Invok: Heroism           |       |       |     1 |     9 ||    10
       Finesse           |       |       |       |     1 ||     1
Evoke: Wand              |       |       |       |     1 ||     1
  Use: Potion            |       |     1 |     1 |     5 ||     7
       Scroll            |       |       |    17 |     9 ||    26
 Stab: Held in net/web   |       |     1 |     1 |       ||     2
  Eat: Chunk             |       |     5 |    13 |    11 ||    29
       Ration            |       |       |     1 |     3 ||     4
Armor: Leather armour    |     1 |       |       |       ||     1
       Ring mail         |    13 |    12 |       |       ||    25
       Chain mail        |       |    18 |   203 |   325 ||   546
Dodge: Dodged            |    31 |    50 |   174 |   197 ||   452
Block: Buckler           |       |       |       |    45 ||    45

Table legend:
 A = Non-vault XP
 B = Vault XP
 C = Vault XP percentage of total XP
 D = Non-vault monster count
 E = Vault monster count
 F = Vault count percentage of total count
                 A         B        C        D         E       F
            +---------+---------+-------+---------+---------+-------
      Total |   16011 |    6950 |  30.3 |     238 |      87 |  26.8
            +---------+---------+-------+---------+---------+-------
        D:1 |      20 |       0 |   0.0 |       9 |       0 |   0.0
        D:2 |      64 |      37 |  36.6 |      23 |       1 |   4.2
        D:3 |      24 |     121 |  83.4 |      12 |       7 |  36.8
        D:4 |     119 |     616 |  83.8 |       9 |      14 |  60.9
        D:5 |     599 |      35 |   5.5 |      33 |       1 |   2.9
        D:6 |     342 |     283 |  45.3 |      12 |       1 |   7.7
        D:7 |     628 |     477 |  43.2 |      14 |       3 |  17.6
        D:8 |    2183 |    2946 |  57.4 |      30 |      15 |  33.3
        D:9 |    1999 |     544 |  21.4 |      23 |       1 |   4.2
       D:10 |    3058 |       0 |   0.0 |      29 |       0 |   0.0
       D:11 |    2564 |     598 |  18.9 |      23 |       5 |  17.9
       D:12 |    4411 |     425 |   8.8 |      21 |       7 |  25.0
     Bailey |       0 |     868 | 100.0 |       0 |      32 | 100.0
            +---------+---------+-------+---------+---------+-------
